 Seeded DCSS version 0.30.1-4-g462c640d31 (webtiles) character file.

Game seed: 6351066067085065685 (custom seed)

13251 Esekla the Thaumaturge (level 11, 0/62 HPs)
             Began as a Deep Elf Necromancer on Aug 31, 2023.
             Was a High Priest of Vehumet.
             Slain by a centaur warrior simulacrum (19 damage)
             ... on level 11 of the Dungeon.
             The game lasted 01:32:32 (11764 turns).

Esekla the Thaumaturge (Deep Elf Necromancer)      Turns: 11764, Time: 01:32:33

Health: 0/62       AC:  7    Str:  5    XL:     11   Next: 73%
Magic:  38/39      EV: 15    Int: 25    God:    Vehumet [*****.]
Gold:   672        SH:  5    Dex: 15    Spells: 18/36 levels left

rFire   . . .        c - +5 scimitar
rCold   . . .        H - +0 buckler
rNeg    . . .        i - +1 robe {Will+}
rPois   .            O - +1 helmet
rElec   .            D - +0 cloak
rCorr   .            G - +0 pair of gloves
SInv    .            (no boots)
Will    ++...        z - amulet of magic regeneration
Stlth   +++          f - ring of magical power
HPRegen 0.30/turn    (no ring)
MPRegen 0.66/turn

%: no passive effects
@: studying Fighting
A: no striking features
a: Renounce Religion


You were on level 11 of the Dungeon.
You worshipped Vehumet.
Vehumet was extremely pleased with you.
You visited 1 branch of the dungeon, and saw 11 of its levels.
You also visited: Bailey.

You collected 672 gold pieces.

Inventory:

Hand Weapons
 a - a +2 vampiric dagger
 c - a +5 scimitar (weapon)
 r - a +4 trident of venom
 s - the +5 rapier of the Hero {heavy, rN+ Dex+3}
   (You found it on level 3 of the Dungeon)

   Dex:       It affects your dexterity (+3).
   rN:        It protects you from negative energy.
 J - a +4 great sword
Missiles
 t - 44 poisoned darts (quivered)
 K - 5 curare-tipped darts
 N - 5 boomerangs
Armour
 i - a +1 robe of willpower (worn)
 n - a +0 troll leather armour
 D - a +0 cloak (worn)
 G - a +0 pair of gloves (worn)
 H - a +0 buckler (worn)
 O - a +1 helmet (worn)
Jewellery
 f - a ring of magical power (left hand)
 u - an amulet of reflection
 z - an amulet of magic regeneration (around neck)
 C - a ring of ice
Scrolls
 l - 2 scrolls of amnesia
 m - a scroll of enchant armour
 p - 4 scrolls of blinking
 v - 2 scrolls of fog
 w - 4 scrolls of enchant weapon {unknown}
 x - 2 scrolls of silence
 y - a scroll of magic mapping
 E - 2 scrolls of poison {unknown}
 F - 2 scrolls of teleportation
 L - 2 scrolls of acquirement
 M - 3 scrolls of noise {unknown}
Potions
 b - 2 potions of magic
 d - 3 potions of ambrosia {unknown}
 e - 6 potions of attraction {unknown}
 g - a potion of heal wounds
 h - 6 potions of curing
 j - a potion of mutation
 k - a potion of cancellation {unknown}
 o - 3 potions of haste
 q - 4 potions of brilliance
 A - 2 potions of lignification


   Skills:
 * Level 4.8 Fighting
 + Level 3.6(4.0) Short Blades
 + Level 2.2(3.1) Long Blades
 + Level 2.4 Throwing
 * Level 1.1 Armour
 * Level 8.0 Dodging
 + Level 4.9 Stealth
 - Level 3.4 Shields
 * Level 13.3 Spellcasting
 + Level 6.3 Conjurations
 + Level 10.8 Necromancy
 + Level 6.2 Translocations
 * Level 2.2 Fire Magic
 + Level 1.4 Evocations


You had 18 spell levels left.
You knew the following spells:

 Your Spells              Type           Power      Damage    Failure   Level
a - Magic Dart            Conj           100%       1d8       1%          1
b - Foxfire               Conj/Fire      100%       2x1d9     1%          1
c - Necrotise             Necr           100%       1d9       1%          1
d - Vampiric Draining     Necr           63%        2d10      1%          3
e - Yara's Violent Unrav  Hex/Tmut       8%         3d5       38%         5
t - Teleport Other        Tloc           47%        N/A       1%          3
y - Sticky Flame          Conj/Fire      38%        2d6       3%          4

Your spell library contained the following spells:

 Spells                   Type           Power      Damage    Failure   Level
 Lesser Beckoning         Tloc           94%        N/A       1%          2
 Gell's Gravitas          Tloc           47%        N/A       1%          3
 Animate Dead             Necr           63%        N/A       1%          4
 Agony                    Necr           63%        N/A       1%          5
 Spider Form              Tmut/Pois      16%        N/A       19%         3
 Cause Fear               Hex            8%         N/A       52%         4
 Summon Mana Viper        Hex/Summ       16%        N/A       86%         5


Dungeon Overview and Level Annotations

Branches:
Dungeon (11/15)            Temple (0/1) D:6             Orc (0/2) D:10
 Bailey (visited)
   Lair: D:8-11

Altars:
Dithmenos
Fedhas
Hepliaklqana
Nemelex Xobeh
Okawaru
Qazlal
Ru
Trog
Uskayaw
Vehumet
Zin
The Shining One

Shops:
D:2 =   D:4 (

Annotations:
D:10 earth elemental
D:11 Lodul


Message History

Confirm with . or Enter, or press ? or * to list all spells.
Aiming: Vampiric Draining (safe; 1% risk of failure)
Press: ? - help, Shift-Dir - straight line, f/p - ogre
Aim: an ogre, wielding a +0 giant club (almost dead)
You draw life force from the ogre!
You kill the ogre!
Vehumet accepts your kill.
You feel your power returning.
You feel life coursing into your body.
Items here: ))) ÷ ††.
Okay, then.
There is a stone staircase leading down, spattered with blood here.
You start resting.
Magic restored.
You start resting.
HP restored.
You climb downwards.
The orc priest mumbles some strange prayers to Beogh against you.
You resist with almost no effort.
There is a stone staircase leading up, spattered with blood here.
The orc priest calls down the wrath of Beogh upon you.
Beogh smites you! The gnoll hits you but does no damage.
Casting: Vampiric Draining (safe; 1% risk of failure)
Confirm with . or Enter, or press ? or * to list all spells.
Aiming: Vampiric Draining (safe; 1% risk of failure)
Press: ? - help, Shift-Dir - straight line, f - gnoll
Aim: a gnoll, wielding a +0 halberd You draw life force from the gnoll!
You kill the gnoll!
Vehumet accepts your kill.
You feel life coursing into your body.
The orc shouts!
You hear a shout! x2
Lodul the Thundrous comes into view.
He is wielding a +4 dire flail of venom.
There is a stone staircase leading up, spattered with blood here.
The centaur warrior simulacrum hits you but does no damage.
The centaur warrior simulacrum kicks you but does no damage.
The centaur warrior simulacrum hits you!
The centaur warrior simulacrum freezes you!!
The centaur warrior simulacrum kicks you.
The centaur warrior simulacrum freezes you!!
You die...

.. ...
######
..##
....
......
.O#
#o...
......
#(###...
......
#.....#
.##+##
#.....#
#
#(og..#
#
#Z.o..#
#
#@.)..#
#
#.....#
#...!.#
#######


You could see Lodul, an orc priest, an orc wizard (wandering), a gnoll, a
centaur warrior simulacrum and an orc.

Vanquished Creatures
  Harold (D:9)
  2 two-headed ogres
  Pikel (D:6)
  2 orc knights (Bailey)
  Joseph (D:7)
  3 cyclopes
  A kobold demonologist (D:9)
  A polar bear (D:11)
  2 trolls (D:10)
  A centaur simulacrum (D:11)
  9 yaks
  2 steam dragons
  3 wyverns
  Menkaure (D:7)
  3 ice beasts
  A sky beast (D:6)
  6 orc warriors
  2 black bears
  7 ogres
  2 centaurs
  3 wolves (D:10)
  A phantom (D:7)
  Blork the orc (D:6)
  4 kobold brigands
  4 gnoll sergeants
  A bullfrog (D:7)
  2 scorpions (D:5)
  10 wights
  13 killer bees
  2 howler monkeys (D:10)
  2 quasits (D:8)
  2 gnoll boudas
  6 hounds
  A jelly (D:6)
  Crazy Yiuf (D:7)
  7 orc priests
  A sleepcap (D:5)
  5 iguanas
  10 orc wizards
  29 gnolls
  9 adders
  3 shadow imps (D:8)
  7 white imps
  4 ufetubi
  A worm (D:4)
  3 dart slugs
  45 orcs
  6 ball pythons
  4 endoplasms
  8 goblins
  7 hobgoblins
  A quokka (D:1)
  4 bats
  4 frilled lizards
  21 kobolds
  A rat (D:2)
284 creatures vanquished.

Notes
Turn   | Place    | Note
-------+----------+-------------------------------------------
     0 | D:1      | Esekla the Deep Elf Necromancer began the quest for the
                  | Orb.
     0 | D:1      | Reached XP level 1. HP: 10/10 MP: 6/6
   255 | D:4      | Found a radiant altar of Vehumet.
   266 | D:4      | Found an iron altar of Okawaru.
   277 | D:4      | Found a glowing silver altar of Zin.
   358 | D:4      | Became a worshipper of Vehumet
   490 | D:3      | Reached skill level 5 in Necromancy
   632 | D:3      | Reached XP level 2. HP: 15/15 MP: 8/8
   876 | D:2      | Noticed a black bear
  1066 | D:2      | Found Renulab's Jewellery Shop.
  1246 | D:2      | Reached XP level 3. HP: 15/19 MP: 9/9
  1250 | D:2      | Learned a level 3 spell: Vampiric Draining
  1341 | D:1      | Reached * piety under Vehumet
  1341 | D:1      | Offered knowledge of Foxfire by Vehumet.
  1344 | D:1      | Learned a level 1 spell: Foxfire
  1435 | D:1      | Learned a level 3 spell: Teleport Other
  1647 | D:1      | Reached XP level 4. HP: 20/22 MP: 8/11
  1687 | D:2      | Reached skill level 1 in Short Blades
  1733 | D:2      | Found a faded altar of an unknown god.
  1799 | D:2      | Killed a black bear
  1800 | D:2      | Reached skill level 4 in Spellcasting
  1800 | D:2      | Reached skill level 1 in Translocations
  1800 | D:2      | Reached XP level 5. HP: 25/28 MP: 5/13
  2219 | D:3      | Identified the +5 rapier of the Hero {heavy, rN+ Dex+3}
  2343 | D:3      | Found a stormy altar of Qazlal.
  2379 | D:3      | Found a hazy altar of Hepliaklqana.
  2379 | D:3      | Found a bloodstained altar of Trog.
  2516 | D:4      | Found Ponaysk's Antique Weapon Boutique.
  2655 | D:4      | Found a glowing golden altar of the Shining One.
  2726 | D:4      | Reached XP level 6. HP: 29/32 MP: 8/14
  2731 | D:4      | Reached skill level 1 in Throwing
  2923 | D:4      | Offered knowledge of Magic Dart by Vehumet.
  2926 | D:4      | Learned a level 1 spell: Magic Dart
  3024 | D:4      | Reached ** piety under Vehumet
  3223 | D:5      | Entered Level 5 of the Dungeon
  3232 | D:5      | Got the Parchment of the Lumpy Olives
  3247 | D:5      | Found a shadowy altar of Dithmenos.
  3356 | D:5      | Reached skill level 5 in Spellcasting
  3458 | D:5      | Reached XP level 7. HP: 34/36 MP: 10/16
  3746 | D:5      | Reached skill level 1 in Conjurations
  3881 | D:5      | Reached skill level 6 in Spellcasting
  4062 | D:6      | Noticed Blork the orc
  4241 | D:6      | Noticed Pikel
  4323 | D:7      | Found a runed translucent door.
  4324 | D:7      | Noticed Crazy Yiuf
  4334 | D:7      | Killed Crazy Yiuf
  4369 | D:7      | Reached XP level 8. HP: 35/41 MP: 13/19
  4440 | D:7      | Reached skill level 5 in Dodging
  4594 | D:6      | Offered knowledge of Momentum Strike by Vehumet.
  4595 | D:6      | Reached skill level 7 in Spellcasting
  4632 | D:6      | Found a staircase to the Ecumenical Temple.
  4671 | D:6      | Killed Pikel
  4672 | D:6      | Reached skill level 8 in Spellcasting
  5259 | D:6      | Killed Blork the orc
  5370 | D:6      | Found a blossoming altar of Fedhas.
  5382 | D:6      | Reached XP level 9. HP: 43/45 MP: 17/23
  5572 | D:7      | Reached *** piety under Vehumet
  5818 | D:7      | Noticed Menkaure
  5829 | D:7      | Killed Menkaure
  5830 | D:7      | Reached skill level 9 in Spellcasting
  6166 | D:7      | Noticed Joseph
  6234 | D:8      | Offered knowledge of Volatile Blastmotes by Vehumet.
  6420 | D:7      | Reached skill level 1 in Evocations
  6494 | D:8      | Reached skill level 5 in Translocations
  6547 | D:8      | Reached **** piety under Vehumet
  6686 | D:8      | Reached skill level 5 in Conjurations
  6724 | D:8      | Reached skill level 1 in Shields
  6757 | D:8      | Offered knowledge of Yara's Violent Unravelling by Vehumet.
  6764 | D:8      | Learned a level 5 spell: Yara's Violent Unravelling
  6909 | D:7      | Killed Joseph
  6910 | D:7      | Reached skill level 10 in Spellcasting
  7201 | D:8      | Noticed a two-headed ogre
  7346 | D:8      | Killed a two-headed ogre
  7347 | D:8      | Reached XP level 10. HP: 50/50 MP: 26/26
  7438 | D:8      | Found a hide-covered altar of Uskayaw.
  7713 | D:8      | Found a transporter.
  7713 | D:8      | Found a transporter.
  7729 | D:8      | Found a transporter.
  7736 | D:8      | Found a transporter.
  8056 | D:9      | Found a flagged portal.
  8122 | Bailey   | Entered a bailey
  8266 | Bailey   | Noticed an orc knight
  8266 | Bailey   | Noticed an orc knight
  8288 | Bailey   | Killed an orc knight
  8289 | Bailey   | Reached skill level 10 in Necromancy
  8406 | Bailey   | Killed an orc knight
  8463 | Bailey   | Identified the +2 bardiche of Puhoisos {heavy, rElec
                  | Stlth+}
  8669 | D:9      | Noticed Harold
  8674 | D:9      | Reached skill level 1 in Fighting
  8900 | D:9      | Found a sparkling altar of Nemelex Xobeh.
  8926 | D:9      | Noticed a two-headed ogre
  8961 | D:9      | Killed a two-headed ogre
  8962 | D:9      | Reached skill level 11 in Spellcasting
  9200 | D:9      | HP: 1/53 [constriction (8)]
  9201 | D:9      | Killed Harold
  9461 | D:9      | Reached XP level 11. HP: 58/58 MP: 28/28
  9481 | D:9      | Reached ***** piety under Vehumet
  9481 | D:9      | Offered knowledge of Sticky Flame by Vehumet.
  9489 | D:9      | Learned a level 4 spell: Sticky Flame
  9799 | D:10     | Entered Level 10 of the Dungeon
  9805 | D:10     | Reached skill level 12 in Spellcasting
  9834 | D:10     | Reached skill level 1 in Long Blades
 10086 | D:10     | Found a staircase to the Orcish Mines.
 10361 | D:10     | Reached skill level 1 in Fire Magic
 10490 | D:10     | Found a sacrificial altar of Ru.
 11486 | D:10     | HP: 3/62 [yak (4)]
 11499 | D:10     | Reached skill level 1 in Armour
 11522 | D:10     | Reached skill level 13 in Spellcasting
 11763 | D:11     | Noticed Lodul
 11764 | D:11     | Slain by a centaur warrior simulacrum

Illustrated notes

Levels and vault maps discovered:
D:1:      sevenhm_arrival_forest_fort_small_3, layout_rooms,
          chequers_serial_rivers_room_b, minmay_misc_feat_five
D:2:      layout_loops_ring, dreamdust_ecumenical_altar_angels_and_demons,
          serial_shops, shop
D:3:      layout_basic, grunt_temple_overflow_open, minmay_misc_feat_iff
D:4:      layout_basic, nicolae_overflow_quartered_altars, serial_shops,
          nicolae_diamond_shop
D:5:      layout_loops_ring, lemuel_doored_altar, minmay_misc_feat_rows,
          dreamdust_wishing_well
D:6:      layout_loops_cross, fedhas_altar_fruit_tree,
          minmay_temple_entry_glass, uniq_pikel, uniq_blork_the_orc
D:7:      layout_basic, uniq_menkaure, uniq_joseph, uniq_crazy_yiuf_cottage
D:8:      layout_basic, nicolae_uskayaw_dance_hall, serial_demonic,
          serial_demonic_d, serial_demonic_a, serial_demonic_c,
          serial_demonic_c, nicolae_diode_quadrants
D:9:      layout_irregular_city, kennysheep_little_box, enter_bailey_4,
          minmay_between, uniq_harold
D:10:     layout_basic, nicolae_ru_awakened_eye
D:11:     layout_rooms, hellmonk_lair_entry_icy, serial_ice, serial_ice_j,
          serial_ice_m, serial_ice_o, serial_ice_c, serial_ice_g, serial_ice_f,
          guppyfry_shop_earth, uniq_psyche, uniq_lodul

Skill      XL: |  1  2  3  4  5  6  7  8  9 10 11 |
---------------+----------------------------------+-----
Necromancy     | 5 6 7 8 9 10 | 10.8
Dodging        | 3 4 5 6 7 8 |  8.0
Stealth        | 3 4 |  4.9
Short Blades   | 1 2 3 |  3.6
Spellcasting   | 4 5 6 8 10 11 13 | 13.3
Translocations | 1 2 3 4 5 6 |  6.2
Throwing       | 1 2 |  2.4
Conjurations   | 1 3 5 6 |  6.3
Evocations     | 1 |  1.4
Shields        | 1 2 3 |  3.4
Fighting       | 2 4 |  4.8
Long Blades    | 2 |  2.2
Fire Magic     | 2 |  2.2
Armour         | 1 |  1.1

Action                     |  1- 3 |  4- 6 |  7- 9 | 10-12 || total
---------------------------+-------+-------+-------+-------++-------
  Melee: Short sword       |    79 |    78 |       |       ||   157
         Unarmed           |     9 |       |       |       ||     9
         Dagger            |       |    45 |   255 |    49 ||   349
         Rapier            |       |       |    58 |     5 ||    63
         Punch             |       |       |     5 |     1 ||     6
         Scimitar          |       |       |       |   136 ||   136
  Throw: Dart              |       |    26 |    37 |    47 ||   110
         Boomerang         |       |       |       |     1 ||     1
   Cast: Vampiric Draining |     2 |    27 |    95 |   145 ||   269
         Teleport Other    |       |       |    14 |     5 ||    19
         Magic Dart        |       |       |     1 |       ||     1
         Sticky Flame      |       |       |       |    11 ||    11
  Evoke: Wand              |       |     4 |    23 |    24 ||    51
    Use: Scroll            |     1 |       |    11 |     8 ||    20
         Potion            |       |       |     2 |     2 ||     4
   Stab: Sleeping          |     4 |     2 |     8 |     4 ||    18
         Distracted        |       |     1 |     1 |       ||     2
 Armour: Robe              |    26 |    21 |    96 |    86 ||   229
         Skin              |       |       |    11 |       ||    11
  Dodge: Dodged            |    77 |    83 |   306 |   252 ||   718
  Block: Buckler           |       |       |       |    93 ||    93
